AoeStats
← Zero Vitae

Arabian Desert

510309526Analyzed
1v1 RM · 2d ago on Sep 30, 2026· 25m 20s· 2 players
Game mode
Random Map
Map size
Tiny (2 player)
Population
200
Speed
Normal
Resources
Standard
Victory
Conquest
Starting age
Dark Age
Ending age
Imperial Age
RankedLock teamsTeams togetherTeam positionsShared explorationLock speedFull tech treeHidden civsTurbo modeCheats
Victory
Defeat
🇨🇦 Khmer · Canada
1017
+18
🇨🇴 Inca · Colombia
1051
-18
Moulinsart
6:33 Loom
9:11 Feudal Age
10:06 Double-Bit Axe
13:24 Bloodlines
20:30 Castle Age
19:35 Scale Barding Armor
20:49 Horse Collar
21:30 Crossbowman
23:02 Bow Saw
23:30 Wheelbarrow
Zero Vitae
12:29 Feudal Age
10:47 Loom
12:33 Feudal Age
15:27 Champi Runner
18:56 Castle Age
17:55 Double-Bit Axe
Connection lost

Rejoining the realm…

Still unreachable

The connection could not be restored.

Session expired

The server has moved on; the page needs a fresh start.